Map: [ESL] Royal Blood

Players

BabyMarine

  • Race: Terran Terran
  • Spawn Location: 1:00

ForJumY - Winner!

  • Race: Protoss Protoss
  • Spawn Location: 7:00

Event: HomeStory Cup XXIII

VOD

Have the link to the VOD?

Description

Time

  • Played on: June 30, 2023, 11:03 a.m.
  • Length: 7:25

All games in this series

Show
View Real Time Build Order
Export as new Build Order

BabyMarine Terran 

Build Orders: Reaper Expand 

Get SALT Encoding   

  12  0:00  SCV  
  13  0:12  SCV  
  14  0:17  Supply Depot  
  14  0:24  SCV  
  15  0:38  SCV  
  15  0:40  Barracks  
  16  0:45  Refinery  
  16  0:50  SCV  
  17  1:02  SCV  
  18  1:16  SCV  
  19  1:27  Reaper  
  19  1:29  Orbital Command  
  20  1:44  Command Center  
  20  1:53  Supply Depot  
  20  1:56  SCV  
  20  1:59  Marine  
  22  2:08  SCV, Barracks  
  23  2:17  Barracks Reactor  
  23  2:20  SCV  
  24  2:24  Barracks  
  24  2:32  SCV  
  25  2:45  SCV  
  26  2:53  Marine x2  
  26  2:55  Barracks Tech Lab  
  26  2:57  Orbital Command  
  28  2:58  SCV  
  29  3:11  Marine x2  
  31  3:14  Stimpack, Marine x2  
  31  3:18  SCV  
  34  3:26  SCV  
  35  3:29  Marine x2  
  36  3:35  SCV, Marine x2  
  36  3:38  Supply Depot, SCV  
  40  3:44  Factory  
  40  3:47  Marine  
  41  3:50  SCV  
  41  3:54  Marine x2  
  41  3:55  Marine  
  43  3:58  Refinery  
  43  3:59  SCV  
  43  4:02  SCV  
  45  4:13  Barracks Tech Lab  
  45  4:14  Marine x3  
  45  4:17  Supply Depot, SCV  
  49  4:18  SCV  
  47  4:27  Engineering Bay  
  47  4:30  SCV  
  46  4:32  Marine x2  
  46  4:35  Marine  
  46  4:36  Marine  
  50  4:43  SCV x2  
  52  4:45  Combat Shield  
  52  4:50  Marine x2  
  46  4:53  Marine  
  46  4:55  Marine  
  46  4:58  SCV x2  
  43  5:08  Marine x2  
  45  5:18  Missile Turret  
  45  5:20  Marine  
  43  5:25  SCV  
  43  5:28  Marine  
  43  5:29  Marine  
  43  5:38  Marine x2  
  45  5:43  SCV  
  45  5:46  Marine  
  43  5:50  Marine  
  43  5:55  Starport, Marine  
  44  5:59  Marine  
  44  6:00  SCV  
  44  6:02  Factory Reactor  
  44  6:03  Marine  
  42  6:08  Marine  
  43  6:13  Marine  
  43  6:15  SCV  
  43  6:17  Marine  
  44  6:21  Marine  
  43  6:27  Marine  
  43  6:31  Marine  
  45  6:42  Marine  
  45  6:45  Factory Reactor  
  45  6:47  Medivac x2  
  46  6:56  Marauder  
  46  7:00  Marine  
  47  7:02  Marine  
  47  7:03  Supply Depot  
Show
View Real Time Build Order
Export as new Build Order

ForJumY Protoss - Winner!

Build Orders: Zealot Archon, Dark Templar Rush 

Get SALT Encoding   

  12  0:00  Probe  
  13  0:13  Probe  
  14  0:16  Pylon  
  14  0:25  Probe  
  15  0:35  Gateway  
  15  0:38  Probe (Chrono Boost)  
  16  0:43  Assimilator  
  16  0:47  Probe (Chrono Boost)  
  17  0:52  Probe (Chrono Boost)  
  17  0:55  Assimilator  
  18  1:04  Probe  
  19  1:16  Probe  
  20  1:22  Cybernetics Core  
  20  1:24  Zealot  
  22  1:28  Probe  
  22  1:31  Pylon  
  23  1:49  Probe  
  24  1:57  Adept (Chrono Boost)  
  24  1:59  Twilight Council  
  26  2:02  Warp Gate  
  26  2:03  Probe  
  27  2:16  Pylon  
  27  2:20  Adept  
  29  2:23  Probe  
  30  2:38  Dark Shrine  
  30  2:45  Shield Battery  
  30  2:53  Robotics Facility  
  29  2:59  Adept  
  29  3:02  Probe  
  32  3:07  Gateway  
  32  3:18  Gateway  
  30  3:25  Probe  
  31  3:36  Nexus  
  31  3:44  Pylon  
  32  3:55  Dark Templar  
  29  4:04  Warp Prism (Chrono Boost)  
  31  4:14  Dark Templar  
  33  4:25  Dark Templar  
  33  4:26  Probe  
  33  4:30  Charge (Chrono Boost)  
  32  4:40  Dark Templar  
  35  4:45  Probe  
  35  4:54  Probe  
  35  4:59  Probe  
  37  5:06  Probe  
  38  5:13  Warp Prism (Chrono Boost)  
  33  5:14  Probe (Chrono Boost)  
  33  5:15  Dark Templar  
  33  5:18  Probe (Chrono Boost)  
  38  5:25  Dark Templar  
  38  5:27  Zealot  
  42  5:31  Probe (Chrono Boost)  
  42  5:32  Probe (Chrono Boost)  
  42  5:38  Probe  
  42  5:40  Probe  
  44  5:45  Gateway  
  44  5:51  Shield Battery  
  44  5:53  Dark Templar  
  44  5:54  Probe  
  47  6:01  Zealot x2  
  51  6:06  Probe  
  50  6:13  Gateway  
  50  6:17  Probe  
  51  6:24  Stalker x2  
  53  6:29  Gateway  
  53  6:31  Gateway  
  53  6:33  Pylon  
  53  6:36  Dark Templar  
  55  6:40  Zealot  
  55  6:41  Archon  
  57  6:48  Zealot x2  
  51  7:09  Zealot x5  
Tags
 
Add a new tag
Caveats
  • Supply blocks, unpowered buildings, or Contaminate may cause inaccurate times.
  • Supply counts are checked every 10 seconds.